 Dungeon Crawl Stone Soup version 0.29.1-15-g9cfb28693d (webtiles) character file.

Game seed: 6552666080492416203

61 Ast3rio the Cutter (level 4, 0/41 HPs)
             Began as a Gnoll Cinder Acolyte on Mar 7, 2023.
             Was a High Priest of Ignis.
             Slain by a ball python (1 damage)
             ... on level 2 of the Dungeon.
             The game lasted 00:02:40 (962 turns).

Ast3rio the Cutter (Gnoll Cinder Acolyte)            Turns: 962, Time: 00:02:41

Health: 0/41       AC:  4    Str: 16    XL:     4   Next: 7%
Magic:  4/8        EV: 11    Int: 13    God:    Ignis [*****.]
Gold:   76         SH:  0    Dex:  7    Spells: 6/8 levels left

rFire   + . .      SeeInvis .   a - -1 short sword (flame)
rCold   . . .      Faith    .   (no shield)
rNeg    . . .      Spirit   .   l - +1 leather armour {Will+}
rPois   .          Reflect  .   (no helmet)
rElec   .          Harm     .   (no cloak)
rCorr   .          Rampage  .   (no gloves)
Will    +....                   (no boots)
Stlth   +.........              (no amulet)
HPRegen 0.13/turn               (no ring)
MPRegen 0.11/turn               (no ring)

@: no status effects
A: fangs 1, strong nose, distributed training
a: Renounce Religion, Fiery Armour, Foxfire Swarm, Rising Flame


You were on level 2 of the Dungeon.
You worshipped Ignis.
Ignis was extremely pleased with you.
You visited 1 branch of the dungeon, and saw 2 of its levels.

You collected 76 gold pieces.

Inventory:

Hand Weapons
 a - a -1 short sword of flaming (weapon)
Armour
 b - a +0 robe
 l - a +1 leather armour of willpower (worn)
Jewellery
 i - a ring of magical power
Scrolls
 c - 2 scrolls of magic mapping {unknown}
 d - 3 scrolls of identify {unknown}
 e - a scroll of teleportation {unknown}
 j - a scroll of fear {unknown}
 k - a scroll of poison {unknown}
 m - a scroll of enchant weapon {unknown}
Potions
 f - 2 potions of berserk rage {unknown}
 g - a potion of mutation {unknown}
 h - a potion of heal wounds {unknown}


   Skills:
 + Level 6.6 Fighting
 + Level 6.6 Short Blades
 + Level 1.0 Long Blades
 + Level 1.0 Axes
 + Level 1.0 Maces & Flails
 + Level 1.0 Polearms
 + Level 1.0 Staves
 + Level 1.0 Ranged Weapons
 + Level 1.0 Throwing
 + Level 1.0 Armour
 + Level 1.0 Dodging
 + Level 1.0 Stealth
 + Level 1.0 Shields
 + Level 1.0 Unarmed Combat
 + Level 2.9 Spellcasting
 + Level 0.8 Conjurations
 + Level 0.8 Hexes
 + Level 0.8 Summonings
 + Level 0.8 Necromancy
 + Level 0.8 Translocations
 + Level 0.8 Transmutations
 + Level 5.4 Fire Magic
 + Level 0.8 Ice Magic
 + Level 0.8 Air Magic
 + Level 0.8 Earth Magic
 + Level 0.8 Poison Magic
 + Level 1.1 Invocations
 + Level 1.0 Evocations


You had 6 spell levels left.
You knew the following spells:

 Your Spells              Type           Power      Damage    Failure   Level
a - Scorch                Fire           32%        2d7       4%          2

Your spell library contained the following spells:

 Spells                   Type           Power      Damage    Failure   Level


Dungeon Overview and Level Annotations

Branches:
Dungeon (2/15)

Altars:


Innate Abilities, Weirdness & Mutations

You have very sharp teeth.
Your uncanny sense of smell can sniff out nearby items.
Your experience applies equally to all skills.


Message History

Your Axes skill increases to level 1!
Your Maces & Flails skill increases to level 1!
Your Polearms skill increases to level 1!
Your Staves skill increases to level 1!
Your Ranged Weapons skill increases to level 1!
Your Throwing skill increases to level 1!
Your Armour skill increases to level 1!
Your Dodging skill increases to level 1!
Your Stealth skill increases to level 1!
Your Shields skill increases to level 1!
Your Unarmed Combat skill increases to level 1!
Your Evocations skill increases to level 1!
You have reached level 4!
You feel stronger.
You hit the jackal. You burn the jackal.
The jackal is almost dead.
* * * LOW HITPOINT WARNING * * *
You feel sick.
The jackal bites you but does no damage.
You hit the jackal but do no damage.
The jackal is almost dead.
* * * LOW HITPOINT WARNING * * *
You feel sick.
The jackal bites you but does no damage.
You barely miss the jackal.
The jackal is almost dead.
* * * LOW HITPOINT WARNING * * *
You feel sick. The jackal closely misses you.
You closely miss the jackal.
The jackal is almost dead.
* * * LOW HITPOINT WARNING * * *
You feel sick.
You are no longer poisoned.
The ball python closely misses you. The ball python barely misses you.
The jackal closely misses you.
You hit the ball python. You burn the ball python.
The ball python is severely wounded.
The jackal bites you but does no damage.
The ball python bites you.
You die...

. ... ##. ... ##.. .. #
###..# .# ##
###.#....##.###...
######........#..#...##
....... #...........#
....... #.....K.....#
.......####...h@S.....#
.......#......††...<...
.......<.......b.......
..>....#.#...........##
.......#.....##†.....#
.............##......#
.............#......=#
........!....#.......#
.......$..........b.g#


You could see a jackal, a bat, a ball python and a kobold.

Vanquished Creatures
  Jessica (D:2)
  An adder (D:2)
  A bat (D:1)
  2 endoplasms (D:1)
  2 giant cockroaches (D:1)
  3 goblins (D:1)
  3 hobgoblins
  2 jackals (D:2)
  2 kobolds (D:1)
  A quokka (D:1)
  2 ball pythons (D:1)
  3 frilled lizards
  2 rats (D:1)
25 creatures vanquished.

Vanquished Creatures (others)
  18 foxfires (D:2)
18 creatures vanquished.

Grand Total: 43 creatures vanquished

Notes
Turn   | Place    | Note
-------+----------+-------------------------------------------
     0 | D:1      | Ast3rio the Gnoll Cinder Acolyte began the quest for the
                  | Orb.
     0 | D:1      | Reached XP level 1. HP: 23/23 MP: 4/4
   197 | D:1      | Reached XP level 2. HP: 20/29 MP: 5/5
   200 | D:1      | Learned a level 2 spell: Scorch
   929 | D:2      | Noticed Jessica
   949 | D:2      | Reached XP level 3. HP: 16/35 MP: 2/7
   956 | D:2      | Reached skill level 1 in Invocations
   957 | D:2      | Killed Jessica
   958 | D:2      | Reached skill level 1 in Long Blades
   958 | D:2      | Reached skill level 1 in Axes
   958 | D:2      | Reached skill level 1 in Maces & Flails
   958 | D:2      | Reached skill level 1 in Polearms
   958 | D:2      | Reached skill level 1 in Staves
   958 | D:2      | Reached skill level 1 in Ranged Weapons
   958 | D:2      | Reached skill level 1 in Throwing
   958 | D:2      | Reached skill level 1 in Armour
   958 | D:2      | Reached skill level 1 in Dodging
   958 | D:2      | Reached skill level 1 in Stealth
   958 | D:2      | Reached skill level 1 in Shields
   958 | D:2      | Reached skill level 1 in Unarmed Combat
   958 | D:2      | Reached skill level 1 in Evocations
   958 | D:2      | Reached XP level 4. HP: 4/41 MP: 3/8
   959 | D:2      | HP: 2/41 [poisoned by an adder]
   962 | D:2      | Slain by a ball python

Illustrated notes

Levels and vault maps discovered:
D:1:      mushboom_english_gardens, layout_rooms
D:2:      layout_rooms, hellmonk_ecumenical_altar_dog_temple,
          chequers_serial_rivers_micro_e, minmay_cupped, uniq_jessica

Skill      XL: |  1  2  3 |
---------------+----------+-----
Invocations    | 1 |  1.1
Long Blades    | 1 |  1.0
Axes           | 1 |  1.0
Maces & Flails | 1 |  1.0
Polearms       | 1 |  1.0
Staves         | 1 |  1.0
Ranged Weapons | 1 |  1.0
Throwing       | 1 |  1.0
Armour         | 1 |  1.0
Dodging        | 1 |  1.0
Stealth        | 1 |  1.0
Shields        | 1 |  1.0
Unarmed Combat | 1 |  1.0
Evocations     | 1 |  1.0
Fighting       | |  6.6
Short Blades   | |  6.6
Spellcasting   | |  2.9
Conjurations   | |  0.8
Hexes          | |  0.8
Summonings     | |  0.8
Necromancy     | |  0.8
Translocations | |  0.8
Transmutations | |  0.8
Fire Magic     | |  5.4
Ice Magic      | |  0.8
Air Magic      | |  0.8
Earth Magic    | |  0.8
Poison Magic   | |  0.8

Action                   |  1- 3 |  4- 6 || total
-------------------------+-------+-------++-------
Melee: Short sword       |    73 |     5 ||    78
       Bite              |     4 |       ||     4
       Punch             |     2 |       ||     2
 Cast: Scorch            |     9 |       ||     9
Invok: Foxfire Swarm     |     1 |       ||     1
Armor: Robe              |     9 |       ||     9
       Leather armour    |    18 |     3 ||    21
Dodge: Dodged            |    60 |     4 ||    64
